 Dungeon Crawl Stone Soup version 0.19-a0-599-g723c685 (webtiles) character file.

86135 Geppetto the Earth Mage (level 15, -3/84 HPs)
             Began as a Gargoyle Earth Elementalist on June 11, 2016.
             Was the Champion of Vehumet.
             Slain by a black mamba (4 damage)
             ... on level 3 of the Lair of Beasts.
             The game lasted 02:49:14 (34630 turns).

Geppetto the Earth Mage (GrEE)                     Turns: 34630, Time: 02:49:20

Health: -3/84      AC: 28    Str: 16    XL:     15   Next: 86%
Magic:  4/46       EV: 15    Int: 22    God:    Vehumet [******]
Gold:   1040       SH:  5    Dex: 13    Spells: 6 memorised, 18 levels left

rFire  + . .     SeeInvis .     c - staff of power
rCold  . . .     Gourm    .     S - +1 scale mail "Lunaqe" {Str+4 Slay+5}
rNeg   + . .     Faith    .     u - +0 buckler
rPois  ∞         Spirit   .     t - +0 helmet
rElec  +         Dismiss  +     h - +0 cloak
rCorr  .         Reflect  .     D - +0 pair of gloves {Dex+3}
SustAt .         Harm     .     f - +1 pair of boots
MR     +....                    C - amulet "Vosap" {Dismiss Slay+3}
Stlth  +.........               w - ring of protection from fire
                                r - +3 ring of evasion

@: flying, somewhat resistant to hostile enchantments, very unstealthy
A: big wings, negative energy resistance 1, electricity resistance, unbreathing,
petrification resistance, rot immunity, AC +11
a: Stop Flying, Renounce Religion


You were on level 3 of the Lair of Beasts.
You worshipped Vehumet.
Vehumet was exalted by your worship.
You were near starving.

You visited 4 branches of the dungeon, and saw 20 of its levels.
You also visited: Ossuary and Bailey.

You collected 1948 gold pieces.
You spent 908 gold pieces at shops.

Inventory:

Hand Weapons
 e - the +8 morningstar of the Thing {drain, Dex+5}
   (You bought it in a shop on level 2 of the Orcish Mines)

   A truly terrible weapon, it drains the life of those it strikes.
   It affects your dexterity (+5).
Missiles
 b - 498 stones (quivered)
Armour
 f - a +1 pair of boots (worn)
 h - a +0 cloak (worn)
 t - a +0 helmet (worn)
 u - a +0 buckler (worn)
 x - an ice dragon hide
 D - a +0 pair of gloves of dexterity (worn)
 S - the +1 scale mail "Lunaqe" (worn) {Str+4 Slay+5}
   (You bought it in a shop on level 6 of the Dungeon)

   It affects your strength (+4).
   It affects your accuracy and damage with ranged weapons and melee attacks
   (+5).
Magical Staves
 c - an uncursed staff of power (weapon)
Jewellery
 m - an uncursed ring of protection from cold
 o - an uncursed ring of protection from cold
 r - a +3 ring of evasion (left hand)
 w - a ring of protection from fire (right hand)
 C - the amulet "Vosap" (around neck) {Dismiss Slay+3}
   (You found it on level 7 of the Dungeon)

   [amulet of dismissal]

   It may teleport away creatures that harm you.
   It affects your accuracy and damage with ranged weapons and melee attacks
   (+3).
 G - an uncursed ring of resist corrosion
 K - an uncursed amulet of magic regeneration
Wands
 i - a wand of confusion (40/48)
 n - a wand of lightning (9/15)
 A - a wand of digging (7/24)
 H - a wand of hasting (3/9)
 M - a wand of hasting (0/9)
Scrolls
 k - 3 scrolls of enchant armour
 B - 3 scrolls of amnesia
 F - 6 scrolls of fear
 I - 2 scrolls of enchant weapon
 N - 8 scrolls of teleportation
 P - 2 scrolls of identify
 Q - 4 scrolls of remove curse
 R - a scroll of recharging
 U - a scroll of fog {unknown}
 W - 2 scrolls of immolation
 Z - 2 scrolls of magic mapping
Potions
 a - a potion of resistance
 g - 5 potions of haste
 j - 4 potions of might
 s - 5 potions of ambrosia
 z - 4 potions of curing
 E - 2 potions of brilliance
 O - a potion of lignification
 V - a potion of magic
Comestibles
 d - 2 chunks of flesh
 q - 7 meat rations
 L - 2 royal jellies
 T - a beef jerky


   Skills:
 - Level 6.0 Fighting
 - Level 8.3 Maces & Flails
 - Level 11.0 Armour
 * Level 5.7 Dodging
 - Level 2.1 Stealth
 - Level 4.1 Shields
 * Level 12.7 Spellcasting
 - Level 10.4 Conjurations
 - Level 5.6 Transmutations
 + Level 16.5 Earth Magic


You had 18 spell levels left.
You knew the following spells:

 Your Spells              Type           Power        Failure   Level  Hunger
a - Iron Shot             Conj/Erth      ######....   2%          6    #####..
b - Passwall              Tmut/Erth      ######....   1%          2    None
c - Stone Arrow           Conj/Erth      ######       1%          3    None
d - Lee's Rapid Deconstr  Erth           ######....   1%          5    ####...
e - Petrify               Tmut/Erth      ######..     1%          4    None
f - Sandblast             Erth           ######       0%          1    None


Dungeon Overview and Level Annotations

Branches:
Dungeon (11/15)            Temple (0/1) D:6            Lair (6/6) D:11
 Shoals (0/4) Lair:3        Snake (1/4) Lair:3        Slime (0/5) Lair:5
    Orc (2/2) D:9             Elf (0/3) Orc:2

Altars:
Ashenzari
Dithmenos
Elyvilon
Fedhas
Gozag
Hepliaklqana
Makhleb
Nemelex Xobeh
Okawaru
Qazlal
Ru
Trog
Uskayaw
Vehumet
Xom
Yredelemnul
The Shining One
Beogh
Jiyva

Shops:
D:6 [   Orc:1 }   Orc:2 ?([=

Annotations:
D:2 Sigmund


Innate Abilities, Weirdness & Mutations

You are resistant to torment.
Your stone body is resilient. (AC +11)
You are immune to poison.
Your large and strong wings let you fly indefinitely.
You resist negative energy. (rN+)
You are resistant to electric shocks. (rElec)
You can survive without breathing.
You are immune to petrification.
You are immune to rotting.


Message History

The black mamba closely misses you. The black mamba bites you!
The black mamba bites you but does no damage.
The black mamba bites you!
The black mamba bites you but does no damage.
The black mamba barely misses you. x2
You fly upwards.
Welcome back to the Lair of Beasts!
There is a staircase to the Snake Pit here.
The black mamba bites you! The black mamba barely misses you.
The black mamba bites you but does no damage.
The black mamba bites you!
* * * LOW HITPOINT WARNING * * *
The black mamba bites you!
* * * LOW HITPOINT WARNING * * *
You block the black mamba's attack. The black mamba bites you.
* * * LOW HITPOINT WARNING * * *
The black mamba bites you.
* * * LOW HITPOINT WARNING * * *
The black mamba bites you but does no damage.
The black mamba bites you.
You die...

#..................##
##......
#..........).......#
#......
###..................##
###.....
#...#...............#.#
#.......
...###...........#..###
####...# ..##
#......####.#### ##..# .##
####..##≈P≈.P.♣## #....
.## #..#≈♣P♣.≈P..# #....
..# #..#♣♣♣♣@♣♣♣P### #....
### ##[#.≈♣SSS♣P≈#P##
##..#. #
#......>......P####...## #
###PP♣...♣♣.#...##P....# #
#♣.♣♣.♣♣♣≈#.......#...
♣♣.≈.P≈♣≈#....#...##P
#P≈≈.≈.P##.....######
####.####.....#####.# ###
######.............###.#..


You could see 3 black mambas.

Vanquished Creatures
  Rupert (Orc:2)
  A greater naga (Snake:1)
  Maud (Orc:2)
  An orc warlord (Orc:2)
  Snorg (D:10)
  14 hydras
  2 catoblepae
  A deep troll shaman (Lair:6)
  4 death yaks (Lair:6)
  5 orc high priests
  The ghost of Amnesiac the Destroyer, a novice DEEE of Vehumet (Bailey)
  An unseen horror (D:10)
  4 hill giants
  A naga ritualist (Snake:1)
  9 orc knights
  2 griffons
  4 ugly things
  8 orc sorcerers
  2 wizards (D:11)
  Maurice (Orc:2)
  Joseph (D:7)
  23 elephants
  7 black mambas
  An ice statue (D:10)
  2 sirens (Lair:3)
  A torpor snail (Lair:2)
  2 spiny frogs
  A centaur zombie (D:11)
  A gargoyle (D:11)
  A rime drake (Lair:2)
  7 komodo dragons
  4 trolls
  2 merfolk (Lair:3)
  3 two-headed ogres (Orc:2)
  A polar bear (Lair:6)
  10 blink frogs
  4 basilisks
  Grum (D:11)
  12 hippogriffs
  A steam dragon (D:9)
  A hungry ghost (D:8)
  42 yaks
  4 nagas (Lair:3)
  12 water moccasins
  5 wargs
  Duvessa (D:5)
  5 porcupines
  3 black bears
  4 ice beasts
  62 orc warriors
  A wasp (D:8)
  12 wolves
  2 sky beasts
  18 ogres
  2 phantoms
  10 centaurs
  15 crocodiles
  19 giant frogs
  3 big kobolds
  A wyvern skeleton (D:4)
  A scorpion (D:9)
  Dowan (D:5)
  16 wights
  12 killer bees (D:10)
  6 howler monkeys
  3 crimson imps
  3 hounds
  A giant frog zombie (D:7)
  39 orc priests
  2 giant frog skeletons
  3 jellies
  35 orc wizards
  17 iguanas
  Ijyb (D:2)
  Natasha (thrice) (D:2)
  5 worker ants
  19 sheep
  2 big kobold zombies (Ossuary)
  4 mummies (Ossuary)
  2 worker ant zombies
  A howler monkey zombie (D:11)
  9 adders
  3 gnolls (D:7)
  12 river rats
  A shadow imp (D:10)
  A worm (D:2)
  2 adder skeletons
  8 giant geckos
  133 orcs
  2 giant cockroaches
  9 goblins
  5 hobgoblins
  8 jackals
  15 kobolds
  3 quokkas
  9 bats
  A giant cockroach zombie (D:6)
  A giant gecko skeleton (D:6)
  5 giant newts
  3 gnoll zombies (Ossuary)
  2 goblin zombies (Ossuary)
  A hobgoblin zombie (Ossuary)
  A jackal zombie (D:5)
  2 kobold zombies (Ossuary)
  An orc zombie (Ossuary)
  A quokka skeleton (D:4)
  2 quokka zombies (D:6)
  5 rats
  A rat zombie (Ossuary)
793 creatures vanquished.

Vanquished Creatures (others)
  15 fungi
  9 plants
  11 toadstools (Lair:4)
35 creatures vanquished.

Grand Total: 828 creatures vanquished

Notes
Turn   | Place    | Note
--------------------------------------------------------------
     0 | D:1      | Geppetto the Gargoyle Earth Elementalist began the quest for the Orb.
     0 | D:1      | Reached XP level 1. HP: 10/10 MP: 3/3
   365 | D:1      | Reached skill level 1 in Fighting
   365 | D:1      | Reached XP level 2. HP: 16/16 MP: 3/5
   379 | D:1      | Reached skill level 4 in Earth Magic
   384 | D:1      | Learned a level 2 spell: Passwall
  1127 | D:2      | Reached XP level 3. HP: 21/21 MP: 4/6
  1559 | D:2      | Learned a level 3 spell: Stone Arrow
  1584 | D:2      | Noticed Natasha
  1587 | D:2      | Killed Natasha
  1587 | D:2      | Reached skill level 1 in Conjurations
  1587 | D:2      | Reached XP level 4. HP: 26/26 MP: 4/7
  1712 | D:2      | Noticed Ijyb
  1735 | D:2      | Killed Ijyb
  1814 | D:2      | Noticed Sigmund
  1924 | D:2      | Noticed Natasha
  1929 | D:2      | Killed Natasha
  1964 | D:2      | Noticed Natasha
  1967 | D:2      | Killed Natasha
  1967 | D:2      | Reached skill level 1 in Shields
  1967 | D:2      | Reached XP level 5. HP: 31/31 MP: 4/8
  2323 | D:3      | Found an iron altar of Okawaru.
  2327 | D:3      | Found a hazy altar of Hepliaklqana.
  2339 | D:3      | Found a blossoming altar of Fedhas.
  2339 | D:3      | Found a white marble altar of Elyvilon.
  2341 | D:3      | Found a shadowy altar of Dithmenos.
  2342 | D:3      | Found a basalt altar of Yredelemnul.
  2343 | D:3      | Found a radiant altar of Vehumet.
  2344 | D:3      | Found a glowing golden altar of the Shining One.
  2345 | D:3      | Found a shimmering altar of Xom.
  2350 | D:3      | Became a worshipper of Vehumet
  2909 | D:3      | Found a faded altar of an unknown god.
  3224 | D:4      | Noticed a centaur
  3286 | D:4      | Killed a centaur
  3286 | D:4      | Reached XP level 6. HP: 24/36 MP: 2/9
  3967 | D:4      | Reached XP level 7. HP: 29/40 MP: 6/12
  4116 | D:4      | Found a burning altar of Makhleb.
  4124 | D:4      | Got a bloodstained whip
  4126 | D:4      | Identified the cursed +2 whip of Offence {venom, rElec rN+ MP-9 Int+3} (You found it on level 4 of the Dungeon)
  4667 | D:5      | Entered Level 5 of the Dungeon
  4668 | D:5      | Reached * piety under Vehumet
  4668 | D:5      | Offered knowledge of Sting by Vehumet.
  4945 | D:5      | Reached skill level 5 in Earth Magic
  4979 | D:5      | Learned a level 5 spell: Lee's Rapid Deconstruction
  5001 | D:5      | Noticed Duvessa
  5003 | D:5      | Noticed Dowan
  5016 | D:5      | Killed Dowan
  5094 | D:5      | Killed Duvessa
  5480 | D:5      | Learned a level 4 spell: Petrify
  5503 | D:5      | Reached skill level 1 in Transmutations
  5503 | D:5      | Reached XP level 8. HP: 46/46 MP: 0/15
  5754 | D:5      | Reached skill level 5 in Spellcasting
  6135 | D:6      | Found a sparkling altar of Nemelex Xobeh.
  6159 | D:6      | Found a sand-covered staircase.
  6163 | Ossuary  | Entered an ossuary
  6178 | Ossuary  | Reached ** piety under Vehumet
  6178 | Ossuary  | Offered knowledge of Throw Frost by Vehumet.
  6295 | Ossuary  | Reached skill level 6 in Earth Magic
  6638 | D:6      | Found a staircase to the Ecumenical Temple.
  6662 | D:6      | Found Naro's Armour Shoppe.
  6869 | D:6      | Reached skill level 7 in Earth Magic
  7148 | D:6      | Found a shimmering altar of Xom.
  7333 | D:6      | Reached XP level 9. HP: 52/52 MP: 11/16
  7369 | D:6      | Found a hide-covered altar of Uskayaw.
  7476 | D:6      | Found a shattered altar of Ashenzari.
  7476 | D:6      | Found an opulent altar of Gozag.
  7626 | D:7      | Noticed Joseph
  7657 | D:7      | Killed Joseph
  7657 | D:7      | Reached skill level 8 in Earth Magic
  7893 | D:7      | Reached skill level 5 in Fighting
  8002 | D:7      | Got a warped jade amulet
  8003 | D:7      | Identified the amulet "Vosap" {Dismiss Slay+3} (You found it on level 7 of the Dungeon)
  8063 | D:7      | Offered knowledge of Throw Flame by Vehumet.
  8252 | D:7      | Reached skill level 9 in Earth Magic
  8840 | D:7      | Reached skill level 10 in Earth Magic
  8924 | D:7      | Reached *** piety under Vehumet
  9086 | D:8      | Reached XP level 10. HP: 60/60 MP: 10/17
  9100 | D:8      | Reached skill level 1 in Maces & Flails
 10089 | D:9      | Offered knowledge of Sticky Flame by Vehumet.
 10125 | D:9      | Reached skill level 5 in Transmutations
 10289 | D:9      | Got a polished long sword
 10290 | D:9      | Identified the +6 long sword "Korewof" {flame, Str+4} (You found it on level 9 of the Dungeon)
 10336 | D:9      | Found a sacrificial altar of Ru.
 10341 | D:9      | Reached skill level 11 in Earth Magic
 10427 | D:9      | Noticed a cyan ugly thing
 10514 | D:9      | Killed a cyan ugly thing
 10520 | D:9      | Gained mutation: Your natural rate of healing is unusually fast. [mutagenic meat]
 10521 | D:9      | Gained mutation: You are weak. (Str -2) [mutagenic meat]
 10785 | D:9      | Found a staircase to the Orcish Mines.
 11176 | D:9      | Found a roughly hewn altar of Beogh.
 11216 | D:9      | Reached **** piety under Vehumet
 11395 | D:9      | Found a stormy altar of Qazlal.
 11405 | D:9      | Offered knowledge of Dazzling Spray by Vehumet.
 11639 | D:10     | Entered Level 10 of the Dungeon
 11729 | D:10     | Found a flagged portal.
 11841 | Bailey   | Entered a bailey
 11841 | Bailey   | Noticed an orc knight
 11842 | Bailey   | Noticed an orc knight
 11865 | Bailey   | Noticed Amnesiac's ghost (novice DEEE)
 11873 | Bailey   | Killed Amnesiac's ghost
 11873 | Bailey   | Reached skill level 5 in Conjurations
 11873 | Bailey   | Reached skill level 12 in Earth Magic
 11887 | Bailey   | Reached XP level 11. HP: 43/64 MP: 3/18
 12212 | Bailey   | Killed an orc knight
 12426 | Bailey   | Reached skill level 5 in Maces & Flails
 12645 | Bailey   | Killed an orc knight
 12793 | Bailey   | Noticed an orc knight
 12953 | Bailey   | Killed an orc knight
 12953 | Bailey   | Reached skill level 13 in Earth Magic
 13079 | Bailey   | Identified 2 scrolls of acquirement
 13103 | D:10     | Noticed Snorg
 13344 | D:10     | Noticed a hill giant
 13462 | D:10     | Noticed a red ugly thing
 13519 | D:9      | Killed a red ugly thing
 13526 | D:9      | Gained mutation: You are robust. (+10% HP) [mutagenic meat]
 13714 | D:10     | Killed a hill giant
 14543 | D:10     | Reached ***** piety under Vehumet
 14543 | D:10     | Reached skill level 14 in Earth Magic
 14548 | D:10     | Offered knowledge of Iron Shot by Vehumet.
 14556 | D:10     | Learned a level 6 spell: Iron Shot
 15146 | D:10     | Killed an unseen horror
 15146 | D:10     | Reached XP level 12. HP: 65/77 MP: 9/21
 15450 | D:11     | Noticed Grum
 15451 | D:11     | Killed Grum
 15562 | D:11     | Found a staircase to the Lair.
 16571 | D:11     | Noticed a four-headed hydra
 16734 | D:11     | Killed a four-headed hydra
 16823 | D:11     | Noticed a five-headed hydra
 16871 | D:11     | Killed a five-headed hydra
 17345 | D:11     | Gained mutation: You are very robust. (+20% HP) [mutagenic meat]
 17346 | D:11     | Gained mutation: Your flesh is cold resistant. (rC+) [mutagenic meat]
 17347 | D:11     | Gained mutation: Your flesh is very cold resistant. (rC++) [mutagenic meat]
 17348 | D:11     | Gained mutation: Scrolls take you a little longer to read. [mutagenic meat]
 17349 | D:11     | Gained mutation: Your magical capacity is low. (-10% MP) [mutagenic meat]
 17350 | D:11     | Lost mutation: You are very robust. (+20% HP) [mutagenic meat]
 17351 | D:11     | Lost mutation: Scrolls take you a little longer to read. [potion of cure mutation]
 17351 | D:11     | Lost mutation: Your flesh is very cold resistant. (rC++) [potion of cure mutation]
 17351 | D:11     | Lost mutation: You are weak. (Str -2) [potion of cure mutation]
 17351 | D:11     | Lost mutation: You are robust. (+10% HP) [potion of cure mutation]
 17351 | D:11     | Lost mutation: Your natural rate of healing is unusually fast. [potion of cure mutation]
 17351 | D:11     | Lost mutation: Your flesh is cold resistant. (rC+) [potion of cure mutation]
 17351 | D:11     | Lost mutation: Your magical capacity is low. (-10% MP) [potion of cure mutation]
 17656 | D:11     | Reached skill level 10 in Conjurations
 17983 | D:11     | Noticed a purple very ugly thing
 18118 | Lair:1   | Entered Level 1 of the Lair of Beasts
 18490 | D:6      | Bought the +1 scale mail "Lunaqe" {Str+4 Slay+5} for 590 gold pieces
 19077 | Lair:1   | Reached skill level 1 in Armour
 19342 | Lair:2   | Reached XP level 13. HP: 74/74 MP: 14/24
 20720 | Lair:3   | Reached skill level 5 in Armour
 20768 | Lair:3   | Found a staircase to the Shoals.
 21128 | Lair:3   | Found a staircase to the Snake Pit.
 21213 | Lair:3   | Offered knowledge of Freezing Cloud by Vehumet.
 22510 | Lair:4   | Found a shimmering altar of Xom.
 22804 | Lair:4   | Reached skill level 15 in Earth Magic
 23754 | Lair:5   | Gained mutation: Your large and strong wings let you fly indefinitely. [Gargoyle growth]
 23754 | Lair:5   | Reached XP level 14. HP: 80/80 MP: 10/27
 24148 | Lair:5   | Found a staircase to the Slime Pits.
 24148 | Lair:5   | Found a viscous altar of Jiyva.
 24643 | Lair:6   | Entered Level 6 of the Lair of Beasts
 24961 | Lair:5   | Reached skill level 10 in Spellcasting
 26238 | Lair:6   | Reached skill level 10 in Armour
 26628 | Lair:6   | Found a shadowy altar of Dithmenos.
 26785 | Lair:6   | Offered knowledge of Bolt of Cold by Vehumet.
 28184 | Lair:6   | Reached XP level 15. HP: 84/84 MP: 8/30
 28787 | Orc:1    | Entered Level 1 of the Orcish Mines
 29214 | Orc:1    | Reached skill level 16 in Earth Magic
 29449 | Orc:1    | Found a bloodstained altar of Trog.
 29637 | Orc:1    | Found Tiritute's Quality Used Wands.
 29649 | Orc:1    | Paralysed by an orc sorcerer for 5 turns
 30250 | Orc:2    | Entered Level 2 of the Orcish Mines
 30252 | Orc:2    | Noticed Maud
 30752 | Orc:2    | Offered knowledge of Poisonous Cloud by Vehumet.
 31267 | Orc:2    | Killed Maud
 31542 | Orc:2    | Noticed Rupert
 31570 | Orc:2    | Paralysed by Rupert for 7 turns
 31728 | Orc:2    | Noticed Maurice
 31738 | Orc:2    | Killed Maurice
 31979 | Orc:2    | Found a roughly hewn altar of Beogh.
 31980 | Orc:2    | Found Astreuraq's Antique Weapon Emporium.
 32152 | Orc:2    | Found Wiydghopn's Magic Scroll Shoppe.
 32174 | Orc:2    | Bought a scroll of teleportation for 39 gold pieces
 32184 | Orc:2    | Bought a transparent morningstar for 279 gold pieces
 32184 | Orc:2    | Identified the +8 morningstar of the Thing {drain, Dex+5} (You bought it in a shop on level 2 of the Orcish Mines)
 32765 | Orc:2    | Found a staircase to the Elven Halls.
 32823 | Orc:2    | Noticed an orc warlord
 32991 | Orc:2    | Killed an orc warlord
 33325 | Orc:2    | Found a roughly hewn altar of Beogh.
 33559 | Orc:2    | Found Ynekas's Armour Boutique.
 33973 | Orc:2    | Found Zeled's Jewellery Shop.
 33979 | Orc:2    | Reached skill level 5 in Dodging
 34052 | Orc:2    | Killed Rupert
 34500 | D:10     | Killed Snorg
 34500 | D:10     | Reached ****** piety under Vehumet
 34615 | Snake:1  | Entered Level 1 of the Snake Pit
 34615 | Snake:1  | Noticed a greater naga
 34621 | Snake:1  | Killed a greater naga
 34630 | Lair:3   | HP: 1/84 [black mamba (6)]
 34630 | Lair:3   | Slain by a black mamba

Vault maps used:
D:1:      saegor_arrival_under_anarchy
D:2:      first_bread, grunt_ministairs_13, uniq_sigmund, uniq_iyjb,
          uniq_natasha
D:3:      minitemple, ecumenical_altar_2, item_on_display_a
D:4:      bloody_makhleb
D:5:      uniq_duvessa
D:6:      gammafunk_temple_overflow_elements, kennysheep_mini_moat,
          minmay_temple_entry_statues, nicolae_ossuary_entry_plus, serial_shops,
          shop, basic_altar, nemelex_xobeh_ov_fountains_minmay
D:7:      uniq_joseph
D:8:      blue_anna_alchemist
D:9:      kennysheep_steamy, lemuel_doored_altar, kennysheep_mini,
          minmay_orc_entry_temple_small
D:10:     minmay_statue_hallways, enter_bailey_3, uniq_snorg
D:11:     cheibrodos_breeding_chamber, erik_lair_orcish_takeover, uniq_grum
Lair:1:   ldierk_geyser, beast_lair_carwin_8
Lair:2:   grunt_megastairs_3
Lair:3:   elwin_shoals_entry_stream, guppyfry_snake_entry_garden,
          beast_lair_carwin_6
Lair:4:   gammafunk_lair_enchanted_lake, basic_altar, infiniplex_staircase_pool
Lair:5:   slime_altar_1, infiniplex_staircase_pool_2
Lair:6:   grunt_lair_end_beastmaster, basic_altar, grunt_megastairs_1
Snake:1:  nicolae_snake_shapes, uniq_asterion
Orc:1:    basic_altar, nicolae_for_you_no_charge
Orc:2:    pubby_orc_utopia, uniq_rupert, uniq_maurice, uniq_maud
Ossuary:  ossuary_minmay_tomb_2a
Bailey:   bailey_polearm_4, bailey

Skill      XL: |  1  2  3  4  5  6  7  8  9 10 11 12 13 14 15 |
---------------+----------------------------------------------+-----
Fighting       | 1 2 3 4 6 |  6.0
Earth Magic    | 4 5 7 10 12 14 15 16 | 16.5
Conjurations   | 1 3 4 5 7 10 | 10.4
Shields        | 1 2 3 4 |  4.1
Spellcasting   | 3 4 5 6 7 9 11 12 | 12.7
Transmutations | 1 2 4 5 |  5.6
Maces & Flails | 4 6 8 |  8.3
Armour         | 1 8 11 | 11.0
Dodging        | 5 |  5.7
Stealth        | |  2.1

Action                   |  1- 3 |  4- 6 |  7- 9 | 10-12 | 13-15 || total
-------------------------+-------+-------+-------+-------+-------++-------
Melee: Club              |    41 |       |       |       |       ||    41
       Mace              |    24 |    45 |     8 |       |       ||    77
       Morningstar       |       |       |   125 |   347 |   331 ||   803
       Staff             |       |       |       |       |     2 ||     2
 Cast: Sandblast         |    20 |    52 |    99 |    16 |     4 ||   191
       Stone Arrow       |       |     5 |    85 |   196 |   454 ||   740
       Petrify           |       |       |     3 |    21 |       ||    24
       Lee's Rapid Decon |       |       |     2 |    55 |    53 ||   110
       Iron Shot         |       |       |       |    47 |   185 ||   232
 Abil: Fly               |       |       |       |       |     1 ||     1
Evoke: Wand              |       |       |       |     3 |     1 ||     4
  Use: Scroll            |       |     7 |    14 |    10 |     6 ||    37
       Potion            |       |       |     4 |     5 |     3 ||    12
 Stab: Sleeping          |     1 |     2 |       |       |       ||     3
       Petrified         |       |       |       |     5 |     1 ||     6
       Petrifying        |       |       |       |       |     1 ||     1
  Eat: Chunk             |     2 |     6 |    20 |    65 |    92 ||   185
       Pizza             |       |     1 |       |       |       ||     1
       Beef jerky        |       |     1 |       |       |     1 ||     2
       Fruit             |       |       |     2 |    18 |    15 ||    35
       Bread ration      |       |       |       |     3 |     1 ||     4
       Meat ration       |       |       |       |       |     1 ||     1
Armor: Robe              |    34 |    29 |    91 |   136 |       ||   290
       Scale mail        |       |       |       |     1 |   362 ||   363
Dodge: Dodged            |    65 |    38 |   154 |   266 |   326 ||   849
Block: Buckler           |       |     5 |    41 |    84 |   112 ||   242
